 Dungeon Crawl Stone Soup version 0.30.1-11-g7821555f0a (webtiles) character file.

Game seed: 15478672714544691611

3527 andronian the Spear-Bearer (level 10, -3/85 HPs)
             Began as a Merfolk Fighter on Dec 8, 2023.
             Was a Believer of Okawaru.
             Slain by Joseph
             ... wielding a +0 quarterstaff
              (14 damage)
             ... on level 8 of the Dungeon.
             The game lasted 00:17:43 (7792 turns).

andronian the Spear-Bearer (Merfolk Fighter)        Turns: 7792, Time: 00:17:44

Health: -3/85      AC:  9    Str: 19 (20) XL:     10   Next: 8%
Magic:  9/10       EV:  9    Int:  6 (8)  God:    Okawaru [**....]
Gold:   326        SH:  0    Dex: 12 (14) Spells: 9/9 levels left

rFire   + . .        y - +4 halberd
rCold   + . .        (shield currently unavailable)
rNeg    . . .        b - +0 scale mail
rPois   +            (no helmet)
rElec   +            t - +2 cloak
rCorr   +            (no gloves)
SInv    .            (no boots)
Will    .....        (no amulet) Stlth
                     (no ring)
HPRegen 0.34/turn    (no ring)
MPRegen 0.12/turn

%: no passive effects
@: resistant
A: (nimble swimmer 2), mertail
a: Renounce Religion, Heroism


You were on level 8 of the Dungeon.
You worshipped Okawaru.
Okawaru was pleased with you.
You visited 2 branches of the dungeon, and saw 9 of its levels.

You collected 326 gold pieces.

Inventory:

Hand Weapons
 a - a +0 trident of venom
 e - a +1 scythe of freezing
 s - a +2 vampiric spear
 y - a +4 halberd (weapon)
Missiles
 w - 10 poisoned darts
Armour
 b - a +0 scale mail (worn)
 c - a +0 buckler
 t - a +2 cloak (worn)
Jewellery
 i - an amulet of faith
Wands
 n - a wand of light (4)
 v - a wand of mindburst (3) (quivered)
Scrolls
 g - 4 scrolls of enchant weapon
 h - a scroll of fog {unknown}
 l - a scroll of amnesia {unknown}
 m - 2 scrolls of immolation {unknown}
 o - a scroll of acquirement {unknown}
 q - a scroll of torment {unknown}
 u - a scroll of enchant armour {unknown}
 z - a scroll of magic mapping {unknown}
Potions
 d - a potion of attraction
 r - a potion of degeneration


   Skills:
 + Level 10.1 Fighting
 - Level 14.0 Polearms
 - Level 3.1 Armour
 - Level 3.0 Shields


You had 9 spell levels left.
You didn't know any spells.
Your spell library contained the following spells:

 Spells                   Type           Power      Damage    Failure   Level
 Blink                    Tloc           0%         N/A       92%         2
 Manifold Assault         Tloc           0%         N/A       100%        4
 Storm Form               Tmut/Air       0%         N/A       100%        7


Dungeon Overview and Level Annotations

Branches:
Dungeon (8/15)             Temple (1/1) D:6
   Lair: D:8-11

Altars:
Ashenzari
Cheibriados
Dithmenos
Elyvilon
Fedhas
Gozag
Hepliaklqana
Kikubaaqudgha
Makhleb
Nemelex Xobeh
Okawaru
Qazlal
Ru
Sif Muna
Trog
Uskayaw
Vehumet
Wu Jian
Xom
Yredelemnul
Zin

Annotations:
D:8 Joseph


Innate Abilities, Weirdness & Mutations

((You are very nimble when in or above water. (Stealth+, EV+, Speed+++)))
Your lower body shifts to a powerful aquatic tail in water.


Message History

Joseph completely misses you.
You slash Joseph!
Joseph is moderately wounded.
Joseph barely misses you.
You barely miss Joseph.
Joseph is moderately wounded.
You hit Joseph.
Joseph is moderately wounded.
Joseph hits you with a +0 quarterstaff!
* * * LOW HITPOINT WARNING * * *
Reach: y) +4 halberd
Press: ? - help, Dir - move target, f - Joseph
Aim: Joseph, wielding a +0 quarterstaff, wearing a +0 leather armour and carrying a wand of flame (8) (moderately wounded, about 28% to evade your +4 halberd)
Okay, then.
Aiming: Mindburst
Press: ? - help, Q - select action, (/) - cycle Shift-Dir - straight line, f - Joseph
Aim: Joseph, wielding a +0 quarterstaff, wearing a +0 leather armour and carrying a wand of flame (8) (moderately wounded, chance to affect: 47%) Joseph resists with some effort.
Joseph zaps a wand.
The puff of flame hits you but does no damage.
You hit Joseph.
Joseph is heavily wounded.
Joseph hits you with a +0 quarterstaff.
* * * LOW HITPOINT WARNING * * *
You barely miss Joseph.
Joseph is heavily wounded.
You hit Joseph but do no damage.
Joseph is heavily wounded.
Joseph hits you with a +0 quarterstaff.
* * * LOW HITPOINT WARNING * * *
You slash Joseph!
Joseph is severely wounded.
Joseph sighs, "Being a guard is usually so boring..."
Joseph zaps a wand.
The puff of flame hits you!
* * * LOW HITPOINT WARNING * * *
You feel better. Joseph closely misses you.
It was a potion of resistance.
You feel protected.
You feel like a meek peon again. Joseph hits you with a +0 quarterstaff!
You die...

#.# #.#
#.## #.#
#..# #5#
#..# #.#
#..# #@#
#..# #5#
#..# #.#
####..#
#.#####.##.
#.<...#
#.@@)......
###..##
#######.###
####


You could see Joseph.

Vanquished Creatures
  Pikel (D:8)
  A hornet (D:7)
  Sigmund (D:2)
  A water moccasin (D:6)
  An acid dragon (D:6)
  2 sky beasts
  A black bear (D:6)
  2 ice beasts
  3 ogres
  2 centaurs
  A phantom (D:4)
  A kobold brigand (D:7)
  A gnoll sergeant (D:5)
  3 scorpions
  4 wights
  3 killer bees (D:8)
  A howler monkey (D:5)
  3 hounds
  3 jellies
  Crazy Yiuf (D:5)
  6 orc priests
  4 iguanas
  2 sleepcaps (D:7)
  4 orc wizards
  4 gnolls
  6 adders
  A shadow imp (D:5)
  2 white imps
  An ufetubus (D:7)
  4 dart slugs
  28 orcs
  5 endoplasms
  2 giant cockroaches
  4 goblins
  6 hobgoblins
  6 jackals
  13 kobolds
  2 quokkas
  3 ball pythons
  4 bats
  4 frilled lizards
  3 rats
150 creatures vanquished.

Vanquished Creatures (others)
  An orc (D:2)
1 creature vanquished.

Grand Total: 151 creatures vanquished

Notes
Turn   | Place    | Note
-------+----------+-------------------------------------------
     0 | D:1      | andronian the Merfolk Fighter began the quest for the Orb.
     0 | D:1      | Reached XP level 1. HP: 18/18 MP: 1/1
     2 | D:1      | Noticed a gargoyle
     4 | D:1      | Noticed an armataur
     4 | D:1      | Noticed a draconian
     6 | D:1      | Noticed a ghoul
     8 | D:1      | Noticed a merfolk
     8 | D:1      | Noticed a minotaur
    10 | D:1      | Noticed an ogre
    10 | D:1      | Noticed a troll
    12 | D:1      | Noticed a vampire
    12 | D:1      | Noticed a naga
    14 | D:1      | Noticed a formicid
    14 | D:1      | Noticed an octopode
    16 | D:1      | Noticed a felid
    16 | D:1      | Noticed a meteoran
    18 | D:1      | Noticed a demigod
    18 | D:1      | Noticed a human
    20 | D:1      | Noticed a demonspawn
    22 | D:1      | Noticed a vine stalker
    22 | D:1      | Noticed a tengu
    24 | D:1      | Noticed a human
    24 | D:1      | Noticed an elf
    26 | D:1      | Noticed a spriggan
    26 | D:1      | Noticed a felid
   125 | D:1      | Reached skill level 3 in Polearms
   183 | D:1      | Reached XP level 2. HP: 11/24 MP: 2/2
   689 | D:2      | Found an ancient bone altar of Kikubaaqudgha.
   883 | D:2      | Reached skill level 4 in Polearms
   883 | D:2      | Reached XP level 3. HP: 30/30 MP: 3/3
   903 | D:2      | Reached XP level 4. HP: 31/37 MP: 4/4
  1020 | D:2      | Noticed Sigmund
  1034 | D:2      | Killed Sigmund
  1035 | D:2      | Reached skill level 6 in Polearms
  1035 | D:2      | Reached XP level 5. HP: 41/43 MP: 5/5
  1035 | D:2      | Reached XP level 6. HP: 47/49 MP: 6/6
  1737 | D:3      | Found a blossoming altar of Fedhas.
  2171 | D:3      | Found a shimmering blue altar of Sif Muna.
  2181 | D:3      | Found a stormy altar of Qazlal.
  2247 | D:4      | Found the +10 dark maul {heavy}
  2306 | D:4      | Reached skill level 5 in Fighting
  2366 | D:4      | Reached skill level 7 in Polearms
  2541 | D:4      | Found a snail-covered altar of Cheibriados.
  2550 | D:4      | Reached XP level 7. HP: 32/56 MP: 7/7
  2579 | D:4      | Reached skill level 8 in Polearms
  3033 | D:5      | Entered Level 5 of the Dungeon
  3149 | D:5      | Reached skill level 9 in Polearms
  3325 | D:5      | Reached XP level 8. HP: 54/64 MP: 8/8
  3439 | D:5      | Reached skill level 10 in Polearms
  3675 | D:5      | Found a runed translucent door.
  3676 | D:5      | Noticed Crazy Yiuf
  3687 | D:5      | Killed Crazy Yiuf
  4416 | D:5      | Reached skill level 11 in Polearms
  4883 | D:6      | Found a staircase to the Ecumenical Temple.
  4892 | Temple   | Entered the Ecumenical Temple
  5166 | Temple   | Became a worshipper of Warmaster Okawaru
  5260 | D:6      | Reached XP level 9. HP: 72/72 MP: 9/9
  5619 | D:6      | Reached skill level 12 in Polearms
  6215 | D:7      | Found a white marble altar of Elyvilon.
  6437 | D:7      | Reached * piety under Okawaru
  6489 | D:7      | Reached skill level 13 in Polearms
  7020 | D:7      | Noticed a hornet
  7027 | D:7      | Paralysed by a hornet for 1 turns
  7032 | D:7      | Killed a hornet
  7509 | D:8      | Reached ** piety under Okawaru
  7510 | D:8      | Reached skill level 14 in Polearms
  7744 | D:8      | Noticed Joseph
  7766 | D:8      | Noticed Pikel
  7776 | D:8      | Killed Pikel
  7777 | D:8      | Reached skill level 10 in Fighting
  7777 | D:8      | Reached XP level 10. HP: 22/85 MP: 10/10
  7790 | D:8      | HP: 2/85 [Joseph/puff of flame (7)]
  7792 | D:8      | Slain by Joseph

Illustrated notes

Levels and vault maps discovered:
D:1:      kb_arrival_jail, layout_basic, hangedman_decor_riveting
D:2:      layout_basic, basic_altar, uniq_sigmund
D:3:      layout_basic, mainiacjoe_overflow_concentric_impassable,
          mainiacjoe_overflow_big_doors
D:4:      layout_cave_pools, cheibriados_altar_1
D:5:      layout_loops_ring, serial_park_tiny_2, uniq_crazy_yiuf_cottage
D:6:      layout_gridville, minmay_temple_entry_butterflies
D:7:      layout_cave_pods, mainiacjoe_overflow_catwalk,
          chequers_serial_rivers_micro_b
D:8:      layout_loops_ring, hellmonk_guarded_unrand_vitality_bloodlust,
          uniq_joseph, uniq_pikel, uniq_psyche
Temple:   compressed_dpeg_triangle_lava_temple

Skill      XL: |  1  2  3  4  5  6  7  8  9 |
---------------+----------------------------+-----
Polearms       | 3 4 6 7 9 11 14 | 14.0
Fighting       | 4 5 6 7 10 | 10.1
Armour         | 3 |  3.1
Shields        | |  3.0

Action                     |  1- 3 |  4- 6 |  7- 9 | 10-12 || total
---------------------------+-------+-------+-------+-------++-------
  Melee: Trident           |    91 |   136 |   231 |       ||   458
         Spear             |       |       |   139 |       ||   139
         Halberd           |       |       |    21 |     9 ||    30
  Throw: Dart              |       |       |     9 |       ||     9
 Invoke: Heroism           |       |       |     1 |     1 ||     2
  Evoke: Wand              |       |       |     2 |     1 ||     3
    Use: Potion            |     2 |     2 |     2 |     5 ||    11
         Scroll            |       |     2 |     4 |       ||     6
 Armour: Scale mail        |    39 |    37 |    81 |     2 ||   159
         Skin              |       |     4 |       |       ||     4
  Dodge: Dodged            |    40 |    48 |   116 |     3 ||   207
  Block: Buckler           |    11 |    21 |    60 |       ||    92
